 Dungeon Crawl Stone Soup version 0.20.1-1-g8b1a95d66d (webtiles) character file.

84 Peloso the Shield-Bearer (level 4, 0/31 HPs)
             Began as a Halfling Fighter on Dec 2, 2017.
             Slain by a goblin
             ... wielding a cursed -1 club
             ... led by Robin
              (3 damage)
             ... on level 2 of the Dungeon.
             The game lasted 00:03:18 (1272 turns).

Peloso the Shield-Bearer (Halfling Fighter)         Turns: 1272, Time: 00:03:19

Health: 0/31       AC:  7    Str: 23    XL:     4   Next: 72%
Magic:  4/4        EV: 10    Int:  6    God:
Gold:   85         SH: 10    Dex: 13    Spells: 3/3 levels left

rFire    . . .     SeeInvis .   a - +0 long sword
rCold    . . .     Gourm    .   c - +0 shield
rNeg     . . .     Faith    .   b - +0 scale mail
rPois    .         Spirit   .   (no helmet)
rElec    .         Reflect  .   (no cloak)
rCorr    .         Harm     .   (no gloves)
MR       .....                  (no boots)
Stlth    ..........             (no amulet)
Regen    0.1/turn               (no ring)
MPRegen  0.1/turn               (no ring)

@: mighty
A: mutation resistance 1
a: no special abilities


You were on level 2 of the Dungeon.
You were hungry.

You visited 1 branch of the dungeon, and saw 2 of its levels.

You collected 85 gold pieces.

Inventory:

Hand Weapons
 a - a +0 long sword (weapon)
Armour
 b - a +0 scale mail (worn)
 c - a +0 shield (worn)
Scrolls
 l - 3 scrolls of identify {unknown}
 n - 2 scrolls of fog {unknown}
Potions
 d - 2 potions of might
 e - a potion of cancellation {unknown}
 h - 2 potions of agility {unknown}
 i - a potion of resistance {unknown}
 k - a potion of ambrosia {unknown}
 m - a potion of lignification {unknown}
Comestibles
 f - 2 bread rations
 g - a meat ration
 j - 2 royal jellies
 o - 3 fruits


   Skills:
 + Level 3.0 Fighting
 + Level 3.0 Long Blades
 + Level 3.8 Armour
 + Level 1.0 Dodging
 + Level 4.0 Shields


You had 3 spell levels left.
You didn't know any spells.

Dungeon Overview and Level Annotations

Branches:
Dungeon (2/15)

Altars:

Annotations:
D:2 Robin


Innate Abilities, Weirdness & Mutations

You are small and have problems with some larger weapons.
You are somewhat resistant to further mutation.


Message History

The goblin moves out of view.
You block the hobgoblin's attack.
You slash the hobgoblin!
You kill the hobgoblin!
The goblin barely misses you.
You riposte.
You barely miss the goblin. The goblin barely misses you.
The goblin hits you but does no damage.
Unknown command.
You slash the goblin!
You kill the goblin!
You block the goblin's attack. x2
Unknown command.
You slash Robin!
Robin is heavily wounded.
The goblin hits you.
* * * LOW HITPOINT WARNING * * *
The goblin hits you with a club.
* * * LOW HITPOINT WARNING * * *
Robin roars a battlecry!
The goblins go into a battle-frenzy!
The goblin closely misses you. The goblin hits you with a club.
You die...

#....#..#.#.......
#....#..#.......#.
#....#..#.[....##.
#....#..#.........
#...##..#.........
#.#g##(..##..#...#.....
......g.g###............
##.#.###g# #.##.###..##.
....ggg@g# #............
##.#.##### ########.###.
# ##.###. #.....>
####### ..... .....
#####


You could see Robin, 2 hobgoblins and 3 goblins.

Vanquished Creatures
  A gnoll (D:1)
  An adder (D:2)
  3 worms (D:2)
  A dart slug (D:2)
  A leopard gecko (D:2)
  2 ball pythons
  3 giant cockroaches
  6 goblins
  9 hobgoblins
  2 jackals (D:1)
  8 kobolds
  2 quokkas (D:2)
  3 bats
  A frilled lizard (D:2)
  11 rats
54 creatures vanquished.

Notes
Turn   | Place    | Note
-------+----------+-------------------------------------------
     0 | D:1      | Peloso the Halfling Fighter began the quest for the Orb.
     0 | D:1      | Reached XP level 1. HP: 15/15 MP: 1/1
    59 | D:1      | Reached XP level 2. HP: 20/20 MP: 2/2
   407 | D:1      | Reached XP level 3. HP: 25/25 MP: 3/3
   651 | D:2      | Reached XP level 4. HP: 13/31 MP: 4/4
  1075 | D:2      | Reached skill level 4 in Shields
  1195 | D:2      | Reached skill level 1 in Dodging
  1251 | D:2      | Noticed Robin
  1272 | D:2      | Slain by a goblin

Skill      XL: |  1  2  3  4 |
---------------+-------------+-----
Fighting       | 3 |  3.0
Shields        | 4 |  4.0
Dodging        | 1 |  1.0
Long Blades    | 3 |  3.0
Armour         | |  3.8

Action                   |  1- 3 |  4- 6 || total
-------------------------+-------+-------++-------
Melee: Long sword        |    90 |    60 ||   150
  Use: Potion            |       |     1 ||     1
  Eat: Chunk             |       |     1 ||     1
Armor: Scale mail        |    57 |    35 ||    92
Dodge: Dodged            |    39 |    31 ||    70
Block: Shield            |    67 |    35 ||   102
       Rpst.: Long sword |    19 |     7 ||    26
